 Dungeon Crawl Stone Soup version 0.22-b1-59-g0aedee7 (webtiles) character file.

1803 Lilu the Destroyer (level 8, -1/48 HPs)
             Began as a Deep Elf Conjurer on Aug 10, 2018.
             Was a Believer of Vehumet.
             Slain by a wight
             ... wielding a cursed +5 great sword
              (15 damage)
             ... on level 7 of the Dungeon.
             The game lasted 00:24:14 (8392 turns).

Lilu the Destroyer (Deep Elf Conjurer)              Turns: 8392, Time: 00:24:16

Health: -1/48      AC:  4    Str:  7    XL:     8   Next: 83%
Magic:  11/19      EV: 16    Int: 21    God:    Vehumet [**....]
Gold:   406        SH:  0    Dex: 15    Spells: 12/19 levels left

rFire    . . .     SeeInvis .   t - +2 shortbow (flame)
rCold    . . .     Gourm    .   (shield currently unavailable)
rNeg     . . .     Faith    .   a - +0 robe
rPois    .         Spirit   .   n - +2 hat
rElec    .         Reflect  .   (no cloak)
rCorr    .         Harm     .   (no gloves)
MR       .....                  (no boots)
Stlth    +.........             G - amulet of regeneration
HPRegen  0.56/turn              h - +3 ring of slaying
MPRegen  0.16/turn              F - ring of attention (curse)

@: heavily drained
A: no striking features
a: Renounce Religion


You were on level 7 of the Dungeon.
You worshipped Vehumet.
Vehumet was pleased with you.
You were not hungry.

You visited 1 branch of the dungeon, and saw 7 of its levels.

You collected 406 gold pieces.

Inventory:

Hand Weapons
 k - a +0 hunting sling
 q - a +0 dagger of protection
 t - a +2 shortbow of flaming (weapon)
 A - a +1 morningstar of venom
Missiles
 l - 164 stones
 y - 30 sling bullets
 z - 18 arrows (quivered)
Armour
 a - a +0 robe (worn)
 n - a +2 hat (worn)
 D - a +1 buckler
Jewellery
 h - a +3 ring of slaying (left hand)
 v - an uncursed ring of positive energy
 C - an uncursed ring of wizardry
 F - a cursed ring of attention (right hand)
 G - an amulet of regeneration (around neck)
Scrolls
 b - 3 scrolls of teleportation
 i - 2 scrolls of immolation
 m - a scroll of enchant weapon
 o - a scroll of identify
 r - a scroll of amnesia
 u - 4 scrolls of magic mapping
Potions
 d - a potion of might {unknown}
 e - a potion of haste
 f - 2 potions of curing {unknown}
 g - 3 potions of lignification {unknown}
 j - a potion of agility {unknown}
 s - 2 potions of degeneration {unknown}
 w - 2 potions of brilliance {unknown}
 x - 3 potions of berserk rage {unknown}
 B - a potion of cancellation {unknown}
 E - a potion of flight {unknown}
Comestibles
 c - 15 rations
 p - 5 chunks of flesh


   Skills:
 + Level 4.9(3.6) Fighting
 - Level 8.0(6.6) Dodging
 - Level 2.4(1.2) Stealth
 * Level 6.0(4.7) Spellcasting
 - Level 8.0(6.6) Conjurations


You had 12 spell levels left.
You knew the following spells:

 Your Spells              Type           Power        Failure   Level  Hunger
a - Magic Dart            Conj           ####         1%          1    None
b - Searing Ray           Conj           ####..       1%          2    #......
c - Iskenderun's Mystic   Conj           ####....     7%          4    ####...

Your spell library contained the following spells:

 Spells                   Type           Power        Failure   Level  Hunger
 Throw Frost              Conj/Ice       ###...       4%          2    #......
 Freeze                   Ice            #...         11%         1    None
 Summon Ice Beast         Ice/Summ       #.......     73%         4    ####...
 Ozocubu's Armour         Chrm/Ice       #.......     32%         3    ##.....
 Throw Icicle             Conj/Ice       ###.....     28%         4    ####...
 Summon Butterflies       Summ           #.......     11%         1    None
 Fulminant Prism          Conj/Hex       ###.......   28%         4    ####...
 Dazzling Spray           Conj/Hex       ###...       9%          3    ##.....
 Force Lance              Conj/Tloc      ###.....     28%         4    ####...


Dungeon Overview and Level Annotations

Branches:
Dungeon (7/15)             Temple (0/1) D:4

Altars:
Ashenzari
Cheibriados
Dithmenos
Elyvilon
Kikubaaqudgha
Okawaru
Sif Muna
Trog
Uskayaw
Vehumet
Yredelemnul
Zin
The Shining One

Shops:
D:5 %   D:6 }

Annotations:
D:4 exclusion: slave, Pikel
D:5 2 transporters, zapotec's ghost, amateur CeHu


Message History

You finish channeling your searing ray.
Casting: Searing Ray (safe; 1% risk of failure)
Confirm with . or Enter, or press ? or * to list all spells.
Aiming: Searing Ray (safe; 1% risk of failure)
Press: ? - help, Shift-Dir - straight line, f/p - wight
Aim: a wight, wielding an enchanted dagger and wearing a shimmering chain mail (heavily damaged)
The searing ray misses the wight.
The searing ray hits the wight.
The wight is heavily damaged. (Press . to maintain the ray.)
The wight hits you with an enchanted great sword!
You feel drained.
The searing ray hits the wight.
The wight is severely damaged.
The searing ray hits the wight.
The wight is severely damaged.
The wight hits you with an enchanted dagger!
You feel drained.
* * * LOW HITPOINT WARNING * * *
The wight hits you with an enchanted great sword!
You die...

#....#.....#.....................
#....#.....#.....................
###'#####'##.....................
.............#########.....#'####
.............#.....))'.....#.....
.............#......)#.....#.....
.............#.......#.....#.....
.............#.......#.....#.....
.............#.z@..###.....###'##
(.#'######'###.z...#######.......
.(#....#....>.......#....#.......
.)#....#............#....+.......
..#....#............#....#.......
.)#..z.#....##########'###.......
..#....#....#....................
..'....#....#....................
..#...##....'....................


You could see 2 wights.

Vanquished Creatures
  Sigmund (D:4)
  An orc warrior (D:6)
  3 slaves (D:4)
  An ice beast (D:3)
  A sky beast (D:7)
  An ogre (D:7)
  A phantom (D:6)
  A centaur (D:7)
  Blork the orc (D:5)
  A big kobold (D:7)
  2 wights (D:7)
  2 bullfrog zombies (D:5)
  2 crimson imps
  2 orc priests (D:3)
  2 hounds
  2 jellies (D:6)
  3 orc wizards
  2 gnoll shamans
  Natasha (twice) (D:4)
  2 worker ants
  A killer bee zombie (D:7)
  A hound zombie (D:7)
  8 gnolls
  8 adders
  An ooze (D:2)
  2 adder skeletons (D:4)
  An adder zombie (D:6)
  4 worms
  4 dart slugs
  4 leopard geckos
  22 orcs
  6 giant cockroaches
  5 goblins
  8 hobgoblins
  15 jackals
  5 quokkas
  A ball python (D:3)
  6 bats
  A frilled lizard (D:2)
  12 kobolds
  A leopard gecko skeleton (D:4)
  A leopard gecko zombie (D:3)
  3 rats
153 creatures vanquished.

Vanquished Creatures (others)
  A goblin (D:1)
1 creature vanquished.

Grand Total: 154 creatures vanquished

Notes
Turn   | Place    | Note
-------+----------+-------------------------------------------
     0 | D:1      | Lilu the Deep Elf Conjurer began the quest for the Orb.
     0 | D:1      | Reached XP level 1. HP: 10/10 MP: 6/6
   318 | D:1      | Reached XP level 2. HP: 15/15 MP: 4/8
   322 | D:1      | Learned a level 2 spell: Searing Ray
   523 | D:1      | Reached skill level 5 in Conjurations
  1259 | D:2      | Reached XP level 3. HP: 12/19 MP: 4/9
  2156 | D:3      | Reached XP level 4. HP: 18/24 MP: 2/10
  2578 | D:3      | Reached XP level 5. HP: 23/28 MP: 8/11
  2629 | D:3      | Learned a level 4 spell: Iskenderun's Mystic Blast
  3308 | D:3      | Reached XP level 6. HP: 32/32 MP: 12/12
  3378 | D:3      | Noticed an ice beast
  3396 | D:3      | Killed an ice beast
  3689 | D:4      | Noticed Natasha
  3693 | D:4      | Killed Natasha
  3781 | D:4      | Reached skill level 5 in Spellcasting
  3955 | D:4      | Found a radiant altar of Vehumet.
  3955 | D:4      | Found an ancient bone altar of Kikubaaqudgha.
  3958 | D:4      | Found a deep blue altar of Sif Muna.
  3966 | D:4      | Became a worshipper of Vehumet
  3973 | D:4      | Identified Sif Muna's Incunabulum of the Six People
  4108 | D:4      | Found an iron altar of Okawaru.
  4112 | D:4      | Noticed Natasha
  4119 | D:4      | Killed Natasha
  4136 | D:4      | Reached skill level 1 in Fighting
  4243 | D:4      | Noticed Pikel
  4243 | D:4      | Noticed a slave
  4243 | D:4      | Noticed a slave
  4352 | D:4      | Found a staircase to the Ecumenical Temple.
  4412 | D:4      | Noticed a slave
  4412 | D:4      | Noticed a slave
  4452 | D:4      | Killed a slave
  4724 | D:4      | Noticed Sigmund
  4734 | D:4      | Killed Sigmund
  4734 | D:4      | Reached XP level 7. HP: 30/41 MP: 11/16
  4844 | D:5      | Entered Level 5 of the Dungeon
  4946 | D:5      | Found a bloodstained altar of Trog.
  5029 | D:5      | Noticed Blork the orc
  5043 | D:5      | Killed Blork the orc
  5374 | D:5      | Found Orphaffa's Food Emporium.
  5397 | D:5      | Found a basalt altar of Yredelemnul.
  5543 | D:5      | Found a transporter.
  5547 | D:5      | Noticed zapotec's ghost (amateur CeHu)
  5581 | D:5      | Reached * piety under Vehumet
  5581 | D:5      | Offered knowledge of Shock by Vehumet.
  5698 | D:5      | Found a transporter.
  6078 | D:6      | Found a shattered altar of Ashenzari.
  6111 | D:6      | Reached XP level 8. HP: 48/48 MP: 14/17
  6248 | D:6      | Found a snail-covered altar of Cheibriados.
  6248 | D:6      | Found a hide-covered altar of Uskayaw.
  6249 | D:6      | Found a shadowy altar of Dithmenos.
  6774 | D:6      | Reached skill level 5 in Dodging
  7169 | D:6      | Found Venov's Gadget Shop.
  8095 | D:7      | Reached ** piety under Vehumet
  8095 | D:7      | Offered knowledge of Throw Flame by Vehumet.
  8147 | D:7      | Found a white marble altar of Elyvilon.
  8147 | D:7      | Found a glowing golden altar of the Shining One.
  8147 | D:7      | Found a glowing silver altar of Zin.
  8392 | D:7      | Slain by a wight

Skill      XL: |  1  2  3  4  5  6  7  8 |
---------------+-------------------------+-----
Conjurations   | 5 6 7 8 |  8.0
Spellcasting   | 5 6 |  6.0
Fighting       | 3 4 |  4.9
Dodging        | 3 8 |  8.0
Stealth        | |  2.4

Action                   |  1- 3 |  4- 6 |  7- 9 || total
-------------------------+-------+-------+-------++-------
Melee: Club              |     6 |       |       ||     6
 Fire: Hunting sling     |    26 |   120 |    89 ||   235
       Shortbow          |       |       |    35 ||    35
 Cast: Magic Dart        |    46 |     9 |    12 ||    67
       Searing Ray       |     3 |    20 |    33 ||    56
       Iskenderun's Myst |       |       |     3 ||     3
  Use: Scroll            |       |       |     8 ||     8
 Stab: Sleeping          |     1 |       |       ||     1
  Eat: Chunk             |     3 |     8 |     9 ||    20
       Ration            |       |       |     1 ||     1
Armor: Robe              |     6 |    12 |    18 ||    36
Dodge: Dodged            |    23 |    50 |    95 ||   168
